 Dungeon Crawl Stone Soup version 0.22-a0-252-gcace5d2 (webtiles) character file.

177 Gorglomux the Skirmisher (level 5, 5/45 HPs)
             Began as a Minotaur Summoner on Mar 1, 2018.
             Was a Follower of Yredelemnul.
             Quit the game on level 3 of the Dungeon.
             The game lasted 00:03:00 (3141 turns).

Gorglomux the Skirmisher (Minotaur Summoner)        Turns: 3141, Time: 00:03:01

Health: 5/45       AC: 10    Str: 11 (13) XL:     5   Next: 31%
Magic:  6/6        EV:  4    Int: 11 (12) God:    Yredelemnul [*.....]
Gold:   77         SH:  3    Dex:  8 (11) Spells: 5/6 levels left

rFire    . . .     SeeInvis .   S - +0 war axe
rCold    . . .     Gourm    .   e - +0 buckler
rNeg     + . .     Faith    .   f - +0 chain mail
rPois    .         Spirit   .   (helmet restricted)
rElec    .         Reflect  .   (no cloak)
rCorr    .         Harm     .   (no gloves)
MR       .....                  W - +1 pair of boots
Stlth    ..........             (no amulet)
HPRegen  0.15/turn              m - ring of positive energy
MPRegen  0.10/turn              (no ring)

@: lethally poisoned (5 -> -1), heavily drained
A: retaliatory headbutt, horns 2
a: Animate Remains, Renounce Religion


You were on level 3 of the Dungeon.
You worshipped Yredelemnul.
Yredelemnul was aware of your devotion.
You were not hungry.

You visited 1 branch of the dungeon, and saw 4 of its levels.

You collected 77 gold pieces.

Inventory:

Hand Weapons
 S - a +0 war axe (weapon)
Missiles
 Z - a throwing net (quivered)
Armour
 e - a +0 buckler (worn)
 f - a +0 chain mail (worn)
 W - a +1 pair of boots (worn)
Jewellery
 m - a ring of positive energy (left hand)
Scrolls
 g - 2 scrolls of magic mapping {unknown}
 h - 3 scrolls of remove curse {unknown}
 i - 4 scrolls of identify {unknown}
 j - 4 scrolls of enchant weapon {unknown}
 V - a scroll of random uselessness {unknown}
 Y - a scroll of enchant armour {unknown}
Potions
 l - a potion of agility
Comestibles
 c - 2 rations
 X - 4 chunks of flesh


   Skills:
 + Level 3.1(1.9) Fighting
 + Level 1.6(0.5) Axes
 + Level 3.1(1.9) Armour
 - Level 2.2(1.0) Dodging
 - Level 1.5(0.4) Stealth
 + Level 3.1(1.9) Shields
 - Level 1.3(0.2) Spellcasting
 - Level 2.9(1.7) Summonings
 + Level 0.1(0.0) Invocations


You had 5 spell levels left.
You knew the following spells:

 Your Spells              Type           Power        Failure   Level  Hunger
a - Summon Small Mammal   Summ           #...         100%        1    ##.....


Dungeon Overview and Level Annotations

Branches:
Dungeon (4/15)
 Temple: D:4-7

Altars:
Gozag
Nemelex Xobeh
Sif Muna
Yredelemnul
The Shining One


Innate Abilities, Weirdness & Mutations

You reflexively headbutt those who attack you in melee.
You have a pair of horns on your head.


Message History

The adder is severely wounded!
The butt bites you but does no damage! The adder bites you!
You are more poisoned!
The adder poisons butt!!!
You feel sick!
You dice the ogre like an onion!!!
The ogre is moderately wounded!
You feel sick!
The ogre hits you with a giant spiked club!!!!!!
DANG; * * * don't die
* * * The ogre completely misses you!
You furiously retaliate!!!
You headbutt the ogre!
An adder comes into view! * * * don't die
* * * You feel sick!
The adder hisses angrily!
Okay, then! * * * don't die
* * * You feel sick!
The adder butts you but does no damage!
Are you sure you want to abandon this character and quit the game? (Confirm with "yes"!)

#.##.........#.
#.#.Z#.......#.
#.#.###........
#....#.).###.##
#######
####...#..##.#
######.....#
###.##.##.#
.......###.##
#.##.##.#
#########...#######
#.......# #
#.#.....S@.#
###...### #
##.#.#####.####
#...# #
#######.###.>.....#
#...# # #.......#
#.##S##.# #...# #
#.......#
#.##.##.#####...####
# #.......#
#.##w.#...w.........
# #(.....<#
#...................
## #.......#
#........"..).>.....
.###.......#
#.......#####...####


You could see a worm and 2 adders.

Vanquished Creatures
  An orc wizard (D:3)
  A bullfrog skeleton (D:2)
  3 adders
  2 oozes
  2 worms (D:2)
  A dart slug (D:1)
  7 orcs (D:3)
  4 bats
  4 giant cockroaches
  2 gnoll zombies (D:2)
  12 hobgoblins
  7 jackals
  2 quokkas (D:2)
  2 ball pythons
  2 frilled lizards
  2 goblins
  4 kobolds
  7 rats
65 creatures vanquished.

Vanquished Creatures (collateral kills)
  A worm (D:3)
  An orc (D:3)
  A frilled lizard (D:1)
3 creatures vanquished.

Vanquished Creatures (others)
  2 orc zombies (D:3)
2 creatures vanquished.

Grand Total: 70 creatures vanquished

Notes
Turn   | Place    | Note
-------+----------+-------------------------------------------
     0 | D:1      | Gorglomux the Minotaur Summoner began the quest for the Orb.
     0 | D:1      | Reached XP level 1. HP: 14/14 MP: 1/1
   540 | D:1      | Reached skill level 1 in Fighting
   645 | D:1      | Reached skill level 1 in Armour
   645 | D:1      | Reached skill level 1 in Shields
   645 | D:1      | Reached XP level 2. HP: 23/23 MP: 3/3
  1054 | D:2      | Found a glowing golden altar of the Shining One.
  1258 | D:2      | Found a deep blue altar of Sif Muna.
  1300 | D:2      | Reached XP level 3. HP: 27/29 MP: 4/4
  1545 | D:2      | Reached XP level 4. HP: 22/37 MP: 5/5
  2105 | D:2      | Found a basalt altar of Yredelemnul.
  2257 | D:2      | Became a worshipper of Yredelemnul the Dark
  2582 | D:3      | Found an opulent altar of Gozag.
  2624 | D:3      | Reached skill level 1 in Axes
  2648 | D:3      | Reached * piety under Yredelemnul
  2648 | D:3      | Reached skill level 3 in Shields
  2648 | D:3      | Reached XP level 5. HP: 11/44 MP: 6/6
  2660 | D:3      | Reached skill level 3 in Fighting
  2660 | D:3      | Reached skill level 3 in Armour
  3032 | D:3      | Found a sparkling altar of Nemelex Xobeh.
  3118 | D:4      | Noticed an ogre
  3141 | D:3      | Quit the game

Vault maps used:
D:1:      tarquinn_simple_flora_water_d
D:2:      lemuel_crystal_altar, lemuel_zombie_altar_yredelemnul,
          lemuel_crystal_altar
D:3:      grunt_gozag_statues, nemelex_xobeh_ov_fountains_minmay
D:4:      old_standard_altar, gammafunk_temple_overflow_statue, bloody_makhleb,
          okawaru_gym_becter, kennysheep_boxes

Skill      XL: |  1  2  3  4  5 |
---------------+----------------+-----
Fighting       | 1 2 3 |  3.1
Armour         | 1 2 3 |  3.1
Shields        | 1 2 3 |  3.1
Axes           | 1 |  1.6
Dodging        | |  2.2
Stealth        | |  1.5
Spellcasting   | |  1.3
Summonings     | |  2.9
Invocations    | |  0.1

Action                   |  1- 3 |  4- 6 || total
-------------------------+-------+-------++-------
Melee: Unarmed           |    50 |       ||    50
       Headbutt          |    22 |    16 ||    38
       Whip              |    91 |    64 ||   155
       War axe           |       |    71 ||    71
 Cast: Summon Small Mamm |     1 |       ||     1
Invok: Animate Remains   |       |     2 ||     2
  Use: Potion            |       |     4 ||     4
  Eat: Chunk             |     2 |     6 ||     8
Armor: Chain mail        |   106 |   107 ||   213
Dodge: Dodged            |    41 |    42 ||    83
Block: Buckler           |    22 |    30 ||    52

Table legend:
 A = Spawn XP
 B = Non-spawn XP
 C = Spawn XP percentage of total XP
 D = Spawn monster count
 E = Non-spawn monster count
 F = Spawn count percentage of total count
 G = Total turns spent on level
                    A         B        C        D         E        F      G
               +---------+---------+-------+---------+---------+-------+---------
         Total |       0 |     254 |   0.0 |       0 |      68 |   0.0 |  3141
               +---------+---------+-------+---------+---------+-------+---------
           D:1 |       0 |      28 |   0.0 |       0 |      13 |   0.0 |  1054
           D:2 |       0 |     111 |   0.0 |       0 |      26 |   0.0 |  1232
           D:3 |       0 |     115 |   0.0 |       0 |      29 |   0.0 |   850
               +---------+---------+-------+---------+---------+-------+---------
